 Dungeon Crawl Stone Soup version 0.23.2-1-ga50397a6bc (webtiles) character file.

Game seed: 3499399326974880697

1054 Mrkan the Protected (level 8, 0/73 HPs)
             Began as a Minotaur Fighter on May 1, 2019.
             Shot with an arrow by a centaur (12 damage)
             ... on level 6 of the Dungeon.
             The game lasted 00:12:27 (4597 turns).

Mrkan the Protected (Minotaur Fighter)              Turns: 4597, Time: 00:12:28

Health: 0/73       AC:  8    Str: 20    XL:     8   Next: 5%
Magic:  7/7        EV:  8    Int:  5    God:
Gold:   261        SH: 10    Dex: 13    Spells: 7/7 levels left

rFire    . . .     SeeInvis .   a - +0 war axe
rCold    . . .     Gourm    .   c - +0 shield
rNeg     . . .     Faith    .   b - +0 scale mail
rPois    .         Spirit   .   (helmet restricted)
rElec    .         Reflect  .   (no cloak)
rCorr    .         Harm     .   (no gloves)
MR       .....                  (no boots)
Stlth    ..........             (no amulet)
HPRegen  0.22/turn              (no ring)
MPRegen  0.10/turn              (no ring)

@: no status effects
A: retaliatory headbutt, horns 2
a: no special abilities


You were on level 6 of the Dungeon.
You were very hungry.

You visited 1 branch of the dungeon, and saw 6 of its levels.

You collected 261 gold pieces.

Inventory:

Hand Weapons
 a - a +0 war axe (weapon)
 q - a cursed +0 giant club
Armour
 b - a +0 scale mail (worn)
 c - a +0 shield (worn)
 t - a cursed +0 pair of gloves
Jewellery
 e - an uncursed ring of magical power {unknown}
 n - an uncursed ring of protection from fire {unknown}
 o - an uncursed ring of protection from fire {unknown}
 x - an uncursed amulet of guardian spirit {unknown}
Wands
 l - a wand of clouds (5)
 u - a wand of flame (14)
Scrolls
 h - 6 scrolls of identify {unknown}
 i - a scroll of amnesia {unknown}
 j - a scroll of random uselessness {unknown}
 p - a scroll of fear {unknown}
 s - 2 scrolls of teleportation {unknown}
 w - a scroll of enchant armour {unknown}
Potions
 d - 2 potions of might
 g - 4 potions of degeneration {unknown}
 k - a potion of magic {unknown}
 m - 6 potions of curing {unknown}
 r - 3 potions of mutation {unknown}
 v - a potion of heal wounds {unknown}
Comestibles
 f - 9 rations


   Skills:
 * Level 7.0 Fighting
 - Level 2.4 Axes
 * Level 8.5 Armour
 - Level 1.2 Dodging
 - Level 0.1 Stealth
 + Level 6.3 Shields


You had 7 spell levels left.
You didn't know any spells.
Your spell library was empty.

Dungeon Overview and Level Annotations

Branches:
Dungeon (6/15)
 Temple: D:4-7

Altars:
Ashenzari
Uskayaw


Innate Abilities, Weirdness & Mutations

You reflexively headbutt those who attack you in melee.
You have a pair of horns on your head.


Message History

You barely miss the leopard gecko. You barely miss the centaur.
You block the leopard gecko's attack. The centaur hits you.
The howler monkey barely misses you.
The leopard gecko bites you but does no damage.
The centaur hits you. The howler monkey barely misses you.
You furiously retaliate!
You headbutt the howler monkey!
You kill the howler monkey!
Your Fighting skill increases to level 7!
The leopard gecko bites you but does no damage.
The centaur wields a +0 shortbow.
The centaur shoots an arrow.
You block the arrow.
The ogre hits you with a +0 giant spiked club!
* * * LOW HITPOINT WARNING * * *
You see here an arrow.
The leopard gecko closely misses you. You furiously retaliate!
You headbutt the leopard gecko!
You kill the leopard gecko!
The centaur shoots an arrow.
The arrow barely misses you.
The centaur shoots an arrow.
The arrow hits you!
You die...

####....#### .
+............ .....
. ####....#####
.......#####..###
#.... #.........#
.... #.####.##.#
#..# #.# #..##.#
#..# #.###.###.#
####..###@#...# #.#
#.?....c..#.#.###.#
#.##†(.#O.........#
#....(...._...###
........#........#
....###.##..#####.#
### #.##..#((.#.#
#.###.#...#.# #.#
#.#####.#


You could see an ogre, a centaur and 2 dancing weapons.

Vanquished Creatures
  A black bear (D:4)
  4 ogres
  2 scorpions (D:4)
  A howler monkey (D:6)
  2 crimson imps (D:5)
  A jelly (D:6)
  2 bullfrog skeletons (D:4)
  Natasha (thrice) (D:3)
  An iguana (D:4)
  3 worker ants
  A hound skeleton (D:4)
  4 adders
  A shadow imp (D:5)
  An adder zombie (D:5)
  3 worms
  A dart slug (D:1)
  12 leopard geckos
  5 orcs
  4 giant cockroaches
  5 goblins
  8 hobgoblins
  12 jackals
  5 kobolds
  4 quokkas
  5 bats
  5 frilled lizards
  A quokka skeleton (D:4)
  9 rats
106 creatures vanquished.

Notes
Turn   | Place    | Note
-------+----------+-------------------------------------------
     0 | D:1      | Mrkan the Minotaur Fighter began the quest for the Orb.
     0 | D:1      | Reached XP level 1. HP: 19/19 MP: 0/0
   123 | D:1      | Reached XP level 2. HP: 27/27 MP: 1/1
   175 | D:1      | Reached skill level 4 in Armour
   595 | D:1      | Reached XP level 3. HP: 31/33 MP: 2/2
  1311 | D:2      | Reached XP level 4. HP: 38/41 MP: 3/3
  1884 | D:3      | Noticed Natasha
  1893 | D:3      | Killed Natasha
  1930 | D:3      | Reached skill level 5 in Armour
  2111 | D:3      | Reached skill level 5 in Fighting
  2290 | D:3      | Reached XP level 5. HP: 48/48 MP: 4/4
  2295 | D:3      | Noticed Natasha
  2304 | D:3      | Killed Natasha
  2503 | D:3      | Noticed Natasha
  2508 | D:3      | Killed Natasha
  2640 | D:4      | Noticed a black bear
  2646 | D:4      | Noticed an ogre
  2658 | D:4      | Killed an ogre
  2658 | D:4      | Reached skill level 6 in Armour
  2658 | D:4      | Reached skill level 1 in Dodging
  2658 | D:4      | Reached XP level 6. HP: 36/56 MP: 5/5
  2661 | D:4      | Reached skill level 5 in Shields
  2903 | D:4      | Found a shattered altar of Ashenzari.
  3174 | D:4      | Reached skill level 7 in Armour
  3174 | D:4      | Reached XP level 7. HP: 61/63 MP: 6/6
  3517 | D:5      | Entered Level 5 of the Dungeon
  3820 | D:5      | Reached skill level 8 in Armour
  4558 | D:6      | Found a hide-covered altar of Uskayaw.
  4560 | D:6      | Noticed a +0 hand axe
  4561 | D:6      | Noticed a +0 dagger
  4577 | D:6      | Reached XP level 8. HP: 68/71 MP: 7/7
  4597 | D:6      | Shot with an arrow by a centaur

Skill      XL: |  1  2  3  4  5  6  7  8 |
---------------+-------------------------+-----
Fighting       | 4 5 6 7 |  7.0
Armour         | 4 5 6 7 8 |  8.5
Shields        | 4 5 6 |  6.3
Dodging        | 1 |  1.2
Axes           | |  2.4
Stealth        | |  0.1

Action                   |  1- 3 |  4- 6 |  7- 9 || total
-------------------------+-------+-------+-------++-------
Melee: War axe           |   106 |   119 |    61 ||   286
       Headbutt          |    11 |    19 |    20 ||    50
  Eat: Chunk             |     1 |     5 |     5 ||    11
Armor: Scale mail        |    39 |    54 |    15 ||   108
Dodge: Dodged            |    34 |    40 |    24 ||    98
Block: Shield            |    59 |    65 |    35 ||   159
